 Dungeon Crawl Stone Soup version 0.27.1-34-g3ba077fa99 (webtiles) character file.

Game seed: 15811664409041730737

29 cbfl8 the Sneak (level 3, -4/33 HPs)
             Began as a Minotaur Delver on Jan 17, 2022.
             Slain by an ogre (22 damage)
             ... on level 5 of the Dungeon.
             The game lasted 00:01:13 (370 turns).

cbfl8 the Sneak (Minotaur Delver)                    Turns: 370, Time: 00:01:14

Health: -4/33      AC:  3    Str: 16    XL:     3   Next: 1%
Magic:  2/2        EV: 11    Int:  8    God:
Gold:   10         SH:  0    Dex: 11    Spells: 2/2 levels left

rFire    . . .     SeeInvis .   a - +0 hand axe
rCold    . . .     Faith    .   (no shield)
rNeg     . . .     Spirit   .   b - +0 leather armour
rPois    .         Reflect  .   (helmet restricted)
rElec    .         Harm     .   (no cloak)
rCorr    .         Rampage  .   (no gloves)
Will     .....                  (no boots)
Stlth    ++........             (no amulet)
HPRegen  0.11/turn              (no ring)
MPRegen  0.08/turn              (no ring)

@: no status effects
A: horns 2, retaliatory headbutt
a: no special abilities


You were on level 5 of the Dungeon.
You visited 1 branch of the dungeon, and saw 1 of its levels.

You collected 10 gold pieces.

Inventory:

Hand Weapons
 a - a +0 hand axe (weapon)
Armour
 b - a +0 leather armour (worn)
Wands
 g - a wand of digging (3)
Scrolls
 c - a scroll of fog
 d - a scroll of magic mapping
 e - a scroll of fear
 h - a scroll of blinking {unknown}
Potions
 f - a potion of haste


   Skills:
 + Level 3.8 Fighting
 + Level 2.5 Axes
 + Level 2.2 Dodging
 + Level 4.7 Stealth


You had 2 spell levels left.
You didn't know any spells.
Your spell library was empty.

Dungeon Overview and Level Annotations

Branches:
Dungeon (5/15)
 Temple: D:4-7

Altars:


Innate Abilities, Weirdness & Mutations

You have a pair of horns on your head.
You reflexively headbutt those who attack you in melee.


Message History

You kill the hound!
You have reached level 2!
You have reached level 3!
Your experience leads to an increase in your attributes!
Increase (S)trength, (I)ntelligence, or (D)exterity?
You feel clever.
You start waiting.
Done waiting.
You start waiting.
Done waiting.
There is an open door here.
There is an open door here.
You open the door.
There is an open door here.
You open the door.
An iguana comes into view.
There is an open door here.
There is an open door here.
Which direction?
You close the door.
You close the door.
You open the door.
There is an open door here.
Found 10 gold pieces.
You now have 10 gold pieces.
You see here a +0 dagger.
Sorry, I don't know how to get there.
You open the door.
An ogre comes into view. It is wielding a +0 giant club.
There is an open door here.
As you close the door, it creaks loudly!
An ogre opens the door.
You hit the ogre. You headbutt the ogre.
The ogre is moderately wounded.
The ogre hits you with a +0 giant club!
You barely miss the ogre.
The ogre is moderately wounded.
The ogre hits you with a +0 giant club!!
Ouch! That really hurt!
You die...

#.....#.....#.......#....#
###.....#.....#.......#....#
........#.....#.......#....#
........#.....#.......'....#
........#.....#.......#....#
........#############'#....#
...#'###..........##O.#....######
...+...#..........#...##+##.....#
...#...#...)....@O'...#...#.....#
...#...#..........#...#...#.....#
...#######§≈......#...'...#.....#
...# ##≈......#..####'#.....#
...# #≈##########..........# ...#
#§# #..........# ...# #≈#
#....>.....# +.. #..........# #≈
#..........#


You could see an ogre.

Vanquished Creatures
  A hound (D:5)
1 creature vanquished.

Notes
Turn   | Place    | Note
-------+----------+-------------------------------------------
     0 | D:5      | cbfl8 the Minotaur Delver began the quest for the Orb.
     0 | D:5      | Reached XP level 1. HP: 19/19 MP: 0/0
    61 | D:5      | Noticed an iguana
    87 | D:5      | Noticed a hound
    90 | D:5      | Killed a hound
    91 | D:5      | Reached XP level 2. HP: 27/27 MP: 1/1
    91 | D:5      | Reached XP level 3. HP: 33/33 MP: 2/2
   363 | D:5      | Noticed an ogre
   370 | D:5      | Slain by an ogre

Illustrated notes

Levels and vault maps discovered:
D:5:      layout_gridville, lightli_temple_of_fire, uniq_ijyb

Action                   || total
-------------------------++-------
Melee: Hand axe          ||     4
       Headbutt          ||     1
 Stab: Distracted        ||     1
Dodge: Dodged            ||     2
